cohdb
Replays
Latest Replays
All Replays
Popular Replays
Top Player Replays
Match Explorer
How It Works
Community
CoH3 Stats
Reddit
Sign in to upload your games and track your stats! →
Sign in with Steam
Match 43538452
Unlisted
Match 43538452
Overview
Messages
Build Orders
End
Panzergrenadier Squad
Kradschützen Motorcycle Team
Panzergrenadier Squad
Construct Light Support Kompanie
MG34 Team
2.5-tonne Medical Truck
Selects Italian Infantry
Selects Guastatori Squad
Guastatori Squad
Fire Support Elements
Selects L6/40 Light Tank Combat Group
Panzerjäger Mechanized Group
Combat Half-tracks
Selects Defensive Operations
Pak 38 Anti-tank Gun Team
Construct Mechanized Kompanie
Selects Prepared Positions
StuG III D Assault Gun
Veteran Squad Leaders
Assault Mechanized Group
Lich
Bootyquake
0
0
Comments
sign in to comment!
No comments posted yet!